 Dungeon Crawl Stone Soup version 0.26-a0-808-g930a2b7adc (webtiles) character file.

Game seed: 12653080252851310345

123 Jaqob the Shield-Bearer (level 5, -4/33 HPs)
             Began as a Gargoyle Fighter on Nov 12, 2020.
             Was an Initiate of Okawaru.
             Slain by an ice beast (14 damage)
             ... on level 4 of the Dungeon.
             The game lasted 00:03:12 (1755 turns).

Jaqob the Shield-Bearer (Gargoyle Fighter)          Turns: 1755, Time: 00:03:12

Health: -4/33      AC: 10    Str: 21    XL:     5   Next: 7%
Magic:  5/5        EV:  7    Int:  8    God:    Okawaru [......]
Gold:   96         SH:  9    Dex:  9    Spells: 4/4 levels left

rFire    . . .     SeeInvis .   a - +0 flail
rCold    . . .     Faith    .   c - +0 kite shield
rNeg     + + .     Spirit   .   b - +0 scale mail
rPois    ∞         Reflect  .   (no helmet)
rElec    +         Harm     .   (no cloak)
rCorr    .         Rampage  .   (no gloves)
MR       .....                  (no boots)
Stlth    ..........             (no amulet)
HPRegen  0.11/turn              e - ring of positive energy
MPRegen  0.09/turn              (no ring)

@: no status effects
A: negative energy resistance 1, electricity resistance, unbreathing,
petrification resistance, rot immunity, AC +4
a: Renounce Religion


You were on level 4 of the Dungeon.
You worshipped Okawaru.
Okawaru was noncommittal.
You visited 1 branch of the dungeon, and saw 5 of its levels.

You collected 96 gold pieces.

Inventory:

Hand Weapons
 a - a +0 flail (weapon)
Armour
 b - a +0 scale mail (worn)
 c - a +0 kite shield (worn)
Jewellery
 e - a ring of positive energy (left hand)
Scrolls
 f - 5 scrolls of identify {unknown}
 g - a scroll of fog {unknown}
 l - a scroll of amnesia {unknown}
 m - a scroll of magic mapping {unknown}
 n - a scroll of enchant armour {unknown}
 o - a scroll of fear {unknown}
Potions
 d - a potion of might
 h - a potion of lignification {unknown}
 i - 2 potions of brilliance {unknown}
 j - 2 potions of curing {unknown}
 k - 3 potions of mutation {unknown}
 p - a potion of haste {unknown}
 q - a potion of attraction {unknown}


   Skills:
 + Level 4.0 Fighting
 + Level 3.5 Maces & Flails
 + Level 3.6 Armour
 + Level 0.6 Dodging
 + Level 0.1 Stealth
 + Level 4.1 Shields


You had 4 spell levels left.
You didn't know any spells.
Your spell library was empty.

Dungeon Overview and Level Annotations

Branches:
Dungeon (5/15)
 Temple: D:4-7

Altars:
Dithmenos
Makhleb
Okawaru
Wu Jian
Xom

Annotations:
D:4 Ijyb


Innate Abilities, Weirdness & Mutations

You are resistant to torment.
Your stone body is resilient. (AC +4)
You are immune to poison.
You resist negative energy. (rN+)
You are resistant to electric shocks. (rElec)
You can survive without breathing.
You are immune to petrification.
You are immune to rotting.


Message History

You block the ice beast's attack.
You barely miss the ice beast.
The ice beast is heavily wounded.
The ice beast hits you but does no damage. x2
You hit the ice beast.
The ice beast is heavily wounded.
The ice beast hits you. The ice beast freezes you!
You closely miss the ice beast.
The ice beast is heavily wounded.
You block the ice beast's attack. You block the ice beast's attack.
There is a stone staircase leading up here.
You block the ice beast's attack.
You climb upwards.
Ijyb shouts!
There is a stone staircase leading down here.
You sock the ice beast!
The ice beast is almost dead.
The ice beast hits you. The ice beast freezes you!
You die...

.... .#g.
... #.. ..
#.
#.#####.#.
#.@Y......
#######.#.


You could see an ice beast and Ijyb.

Vanquished Creatures
  A scorpion (D:5)
  2 adders (D:2)
  An ufetubus (D:5)
  2 worms (D:2)
  A leopard gecko (D:2)
  8 bats
  5 giant cockroaches
  5 goblins
  4 hobgoblins
  3 jackals (D:2)
  4 frilled lizards (D:1)
  A kobold (D:2)
  7 rats
44 creatures vanquished.

Notes
Turn   | Place    | Note
-------+----------+-------------------------------------------
     0 | D:1      | Jaqob the Gargoyle Fighter began the quest for the Orb.
     0 | D:1      | Reached XP level 1. HP: 14/14 MP: 1/1
    53 | D:1      | Found a shimmering altar of Xom.
    97 | D:1      | Reached XP level 2. HP: 11/19 MP: 2/2
   737 | D:2      | Reached XP level 3. HP: 23/23 MP: 3/3
   758 | D:2      | Found a burning altar of Makhleb.
   766 | D:2      | Found an iron altar of Okawaru.
   899 | D:2      | Became a worshipper of Warmaster Okawaru
   970 | D:2      | Found a shadowy altar of Dithmenos.
  1225 | D:2      | Reached XP level 4. HP: 23/29 MP: 4/4
  1312 | D:2      | Found an ornate altar of the Wu Jian Council.
  1628 | D:3      | You fall into a shaft and drop 2 floors!
  1628 | D:5      | Entered Level 5 of the Dungeon
  1638 | D:5      | Reached XP level 5. HP: 25/33 MP: 5/5
  1740 | D:5      | Noticed an ice beast
  1754 | D:4      | Noticed Ijyb
  1755 | D:4      | Slain by an ice beast

Illustrated notes

Levels and vault maps discovered:
D:1:      dpeg_arrival_pits, layout_rooms, xom_teletrap_fun
D:2:      layout_basic, overflow_temple_1_default, overflow_temple_1_default,
          minitemple, st_stairs_1, hangedman_abyss_or_decor_lesser_grid
D:3:      cheibrodos_pilgrimage, layout_rooms, evilmike_ruin_ashenzari,
          old_standard_altar, overflow_temple_1_default,
          lemuel_coloured_pillars_altar, patterned_corridor, uniq_grinder
D:4:      layout_basic, kennysheep_mini_moat, minmay_temple_entry_arrows,
          uniq_edmund, uniq_ijyb
D:5:      layout_loops_cross, serial_shops, kennysheep_mini, uniq_duvessa,
          uniq_eustachio

Skill      XL: |  1  2  3  4 |
---------------+-------------+-----
Maces & Flails | 3 |  3.5
Fighting       | 4 |  4.0
Shields        | 4 |  4.1
Armour         | |  3.6
Dodging        | |  0.6
Stealth        | |  0.1

Action                   |  1- 3 |  4- 6 || total
-------------------------+-------+-------++-------
Melee: Flail             |   160 |    30 ||   190
Armor: Scale mail        |   134 |    14 ||   148
Dodge: Dodged            |    48 |    12 ||    60
Block: Kite shield       |   106 |    13 ||   119

Table legend: (Time is in decaauts)
 A = Elapsed time spent in this place.
 B = Non-inter-level travel time spent in this place.
 C = Inter-level travel time spent in this place.
 D = Time resting spent in this place.
 E = Time spent auto-exploring this place.
 F = Levels seen in this place.
 G = Mean time per level.
                   A        B        C        D        E       F      G
               +--------+--------+--------+--------+--------+-----+--------+
         Total |   1818 |   1716 |    102 |      0 |   1286 |   5 |  363.6 |
       Dungeon |   1818 |   1716 |    102 |      0 |   1286 |   5 |  363.6 |
               +--------+--------+--------+--------+--------+-----+--------+

Top non-repeatable levels by time:
     D:2: 963 daAuts
     D:1: 715 daAuts
     D:5: 130 daAuts
     D:3: 7 daAuts
     D:4: 0 daAuts
